 Dungeon Crawl Stone Soup version 0.25-a0-1073-gf4359a17dd (webtiles) character file.

Game seed: 229229003804686338, levelgen mode: deterministic

205337 Flugslaktarn the Severer (level 17, -5/164 HPs)
             Began as a Deep Dwarf Fighter on May 14, 2020.
             Was the Champion of Makhleb.
             Slain by an orc knight
             ... wielding a +0 great mace
              (18 damage)
             ... on level 5 of the Vaults.
             The game lasted 00:16:47 (17510 turns).

Flugslaktarn the Severer (Deep Dwarf Fighter)      Turns: 17510, Time: 00:16:48

Health: -5/164     AC: 26    Str: 25    XL:     17   Next: 54%
Magic:  17/17      EV: 19    Int:  9    God:    Makhleb [******]
Gold:   989        SH: 13    Dex: 19    Spells: 16/16 levels left

rFire    + + .     SeeInvis .   u - +1 broad axe (elec)
rCold    + . .     Gourm    .   E - +0 kite shield {reflect}
rNeg     + . .     Faith    .   f - +0 plate armour
rPois    +         Spirit   .   L - +2 helmet
rElec    .         Reflect  +   g - scarf {rC+ rF+}
rCorr    .         Harm     .   p - +1 pair of gloves {Dex+3}
MR       +++..                  D - +0 pair of boots "Tyuluess" {+Inv rPois Str-3 Dex+3 Slay+3}
Stlth    ..........             (no amulet)
HPRegen  0.00/turn              G - +4 ring of evasion
MPRegen  0.15/turn              o - ring of poison resistance

@: mighty, flayed, non-regenerating, hasted, very quick
A: damage resistance, heal wounds, fire resistance 1, magic resistance 1,
negative energy resistance 1, sense surroundings 2, strong 1, no regeneration
}: 2/15 runes: decaying, gossamer
a: Heal Wounds, Minor Destruction, Lesser Servant of Makhleb, Major Destruction,
Greater Servant of Makhleb, Renounce Religion, Evoke Invisibility


You were on level 5 of the Vaults.
You worshipped Makhleb.
Makhleb was exalted by your worship.
You were not hungry.

You visited 6 branches of the dungeon, and saw 35 of its levels.
You also visited: Ossuary, Ice Cave and Volcano.

You collected 1674 gold pieces.
You spent 685 gold pieces at shops.

Inventory:

Hand Weapons
 u - a +1 broad axe of electrocution (weapon)
   (You found it on level 9 of the Dungeon)
Missiles
 s - 2 throwing nets (quivered)
Armour
 f - a +0 plate armour (worn)
   (You took it off an orc warrior on level 8 of the Dungeon)
 g - a scarf of resistance (worn)
   (You found it on level 7 of the Dungeon)
 p - a +1 pair of gloves of dexterity (worn)
   (You took it off Nikola on level 1 of the Spider Nest)
 D - the +0 pair of boots "Tyuluess" (worn) {+Inv rPois Str-3 Dex+3 Slay+3}
   (You found it on level 8 of the Dungeon)

   It affects your strength (-3).
   It affects your dexterity (+3).
   It affects your accuracy and damage with ranged weapons and melee attacks
   (+3).
   It protects you from poison.
   It lets you turn invisible.
 E - a +0 kite shield of reflection (worn)
   (You bought it in a shop on level 13 of the Dungeon)
 I - a +2 cloak
   (You found it on level 1 of the Lair of Beasts)
 L - a +2 helmet (worn)
   (You found it on level 5 of the Lair of Beasts)
 O - a +0 tower shield
   (You took it off Louise on level 15 of the Dungeon)
Jewellery
 o - a ring of poison resistance (right hand)
   (You found it on level 4 of the Dungeon)
 v - a +4 ring of evasion
   (You found it on level 15 of the Dungeon)
 G - a +4 ring of evasion (left hand)
   (You found it on level 1 of the Spider Nest)
Wands
 a - a wand of iceblast (19)
   (You found it on level 5 of the Dungeon)
 N - a wand of clouds (10)
   (You found it on level 12 of the Dungeon)
 Q - a wand of acid (10)
   (You found it on level 15 of the Dungeon)
 R - a wand of digging (7)
   (You took it off Maurice on level 8 of the Dungeon)
Scrolls
 c - a scroll of enchant armour
 i - 5 scrolls of fog
 k - 8 scrolls of magic mapping
 r - 5 scrolls of identify
 t - 17 scrolls of teleportation
 x - 13 scrolls of remove curse
 y - 3 scrolls of immolation
 z - 3 scrolls of blinking
 B - 3 scrolls of fear
 K - 2 scrolls of summoning
 M - a scroll of brand weapon
Potions
 b - 3 potions of berserk rage
 d - 4 potions of might
 h - 6 potions of haste
 j - 4 potions of mutation
 m - 2 potions of lignification
 n - 2 potions of resistance
 q - 11 potions of curing
 w - 3 potions of heal wounds
 C - 7 potions of stabbing
 F - 4 potions of magic
 H - 4 potions of flight
 P - 4 potions of ambrosia
Miscellaneous
 A - a tin of tremorstones (3/3)
   (You found it on level 4 of the Spider Nest)
Comestibles
 e - 30 rations


   Skills:
 + Level 13.2 Fighting
 - Level 18.0 Axes
 + Level 17.7 Armour
 - Level 12.8 Dodging
 + Level 9.6 Shields
 - Level 15.0 Invocations
 - Level 6.0 Evocations


You had 16 spell levels left.
You didn't know any spells.
Your spell library was empty.

Dungeon Overview and Level Annotations

Branches:
Dungeon (15/15)            Temple (1/1) D:5            Lair (6/6) D:9
  Swamp (4/4) Lair:3       Spider (4/4) Lair:2        Slime (0/5) Lair:5
    Orc (0/2) D:9          Vaults (5/5) D:14         Depths (0/5) D:15
Ossuary (visited)           IceCv (visited)         Volcano (visited)
  Crypt: Vaults:2-3

Altars:
Ashenzari
Cheibriados
Dithmenos
Elyvilon
Fedhas
Gozag
Hepliaklqana
Kikubaaqudgha
Makhleb
Okawaru
Qazlal
Ru
Trog
Vehumet
Wu Jian
Xom
Yredelemnul
Zin
The Shining One

Shops:
D:4 *   D:5 *   D:13 [?   D:15 ==[*=   Vaults:1 }

Annotations:
Lair:1 exclusion: oklob plant
Lair:4 2 transporters, exclusion: oklob plant, Havah's ghost, journeyman OpVM


Innate Abilities, Weirdness & Mutations

You are resistant to damage.
You can heal yourself by infusing magical energy.
You resist negative energy. (rN+)
You passively map the area around you.
You do not regenerate.
Your flesh is heat resistant. (rF+)
You are resistant to hostile enchantments. (MR+)
Your muscles are strong. (Str +2)


Message History

* * * LOW HITPOINT WARNING * * *
The entropy weaver barely misses you. The entropy weaver hits you.
* * * LOW HITPOINT WARNING * * *
The entropy weaver hits you but does no damage.
You slash the entropy weaver!
The entropy weaver is heavily wounded.
Your plate armour prevents you from hitting the orc knight.
You slice the entropy weaver!!
The entropy weaver is almost dead.
You slice the orc knight!!
Lightning courses through the orc knight!
You slash the redback! Lightning courses through the redback!
The redback completely misses you. The entropy weaver hits you!
* * * LOW HITPOINT WARNING * * *
The entropy weaver hits you!
* * * LOW HITPOINT WARNING * * *
The entropy weaver completely misses you.
You block the entropy weaver's attack.
The orc knight hits you with a +0 great mace!!
You die...

* *, * , ,
* #...#..#
**
##...#..#
,, ....#..#
,, ,......#
*
*####....#
, ,
.......(#
......a.# ,
......o@# ,
......s.#
***
####....# *
, ,......#
,*..oG.#..#
,,,
*.....#..#
* , .o..
#..# ,
,####*#..#
,


You could see an entropy weaver, an orc knight, a shining eye shaped shifter, an
orc warrior (strong), a redback and an orc wizard.

Vanquished Creatures
  Saint Roka (Vaults:1)
  the Lernaean hydra (Swamp:4)
  Nikola (Spider:1)
  Rupert (D:15)
  Jorgrun (Spider:1)
  Asterion (Spider:1)
  The ghost of inmateoo the Warrior, a journeyman HOGl of Beogh (Lair:5)
  2 vault wardens (Vaults:1)
  Louise (D:15)
  3 ghost moths (Spider:4)
  Aizul (Vaults:3)
  5 emperor scorpions (Spider:4)
  2 ironheart preservers
  An entropy weaver (Spider:1)
  A spark wasp (Spider:4)
  A fire dragon (D:15)
  A yaktaur captain (Vaults:3)
  18 vault guards
  A shambling mangrove (Swamp:3)
  20 hydras
  2 ice dragons
  14 two-headed ogres
  3 ogre magi
  A catoblepas (Lair:6)
  Erica (D:8)
  6 alligators
  4 centaur warriors
  3 death yaks (Lair:6)
  A tengu warrior (D:14)
  A deep troll shaman (Lair:6)
  5 unseen horrors
  2 wizards (D:14)
  3 deep trolls (Vaults:4)
  6 swamp dragons (Swamp:4)
  2 orc knights
  4 ironbrand convokers
  A deep elf mage (D:15)
  A necromancer (D:14)
  A harpy (shapeshifter) (D:15)
  A harpy (Vaults:5)
  6 orb spiders
  4 cyclopes
  An orc sorcerer (Vaults:1)
  A manticore (D:15)
  14 ugly things
  2 moths of wrath
  12 wolf spiders
  An ice statue (Lair:3)
  A toenail golem (Volcano)
  2 vault sentinels
  Maurice (D:8)
  13 elephants
  2 black mambas
  A molten gargoyle (Volcano)
  Psyche (D:8)
  A gargoyle (D:12)
  A kobold demonologist (D:8)
  14 spiny frogs
  6 yaktaurs
  4 demonic crawlers
  An ice devil (Lair:3)
  A freezing wraith (Vaults:5)
  7 komodo dragons
  2 tengu conjurers (D:14)
  An efreet (D:14)
  4 trolls
  5 polar bears
  4 tyrant leeches
  A queen bee (D:8)
  3 hornets (Swamp:3)
  Grinder (D:5)
  17 jumping spiders
  2 bog bodies
  3 slime creatures (Swamp:2)
  11 blink frogs
  A meliai zombie (D:12)
  4 hippogriffs
  10 tarantellas
  33 redbacks
  A spriggan (Swamp:3)
  2 shadows
  2 wraiths (D:11)
  3 water elementals (D:14)
  A fire elemental (Volcano)
  2 wyverns
  9 yaks
  3 basilisks
  20 humans (D:14)
  2 hungry ghosts
  6 vampire mosquitoes
  Menkaure (D:4)
  Grum (D:8)
  A warg (Vaults:1)
  A soldier ant (shapeshifter) (Vaults:1)
  10 swamp worms
  9 water moccasins
  3 insubstantial wisps (Swamp:1)
  6 porcupines
  Duvessa (D:5)
  12 orc warriors
  14 ice beasts
  3 sky beasts
  3 hornet zombies
  5 black bears
  14 swamp drakes
  A necrophage (D:11)
  2 phantoms
  2 eyes of draining
  22 centaurs
  14 ogres
  28 wolves
  4 boggarts (D:15)
  13 crocodiles
  An elf zombie (Ossuary)
  2 earth elementals (Volcano)
  9 bullfrogs
  16 big kobolds
  A wyvern skeleton (D:12)
  Dowan (D:5)
  5 scorpions
  25 killer bees
  3 wights (D:11)
  2 electric eels
  5 howler monkeys
  5 crimson imps
  3 centaur zombies
  A quasit (D:8)
  A bullfrog zombie (D:5)
  Crazy Yiuf (D:4)
  4 centaur skeletons
  7 orc priests
  12 hounds
  2 bullfrog skeletons (D:6)
  2 iguanas
  14 orc wizards
  7 worker ants
  6 hell rats (Lair:4)
  A killer bee zombie (D:10)
  2 hound skeletons
  3 hound zombies
  5 mummies
  A worker ant zombie (D:6)
  Robin (D:4)
  3 howler monkey skeletons
  6 adders
  5 shadow imps
  5 white imps (IceCv)
  5 ufetubi (IceCv)
  2 oozes
  4 adder zombies
  An adder skeleton (D:7)
  A worm (D:2)
  6 leopard geckos
  72 orcs
  2 ball pythons
  2 giant cockroaches (D:4)
  2 gnoll zombies (Ossuary)
  8 goblins
  6 hobgoblins
  3 jackals (D:5)
  13 kobolds
  6 quokkas
  2 bats
  3 frilled lizards
  A goblin zombie (Ossuary)
  A hobgoblin zombie (Ossuary)
  A jackal zombie (Ossuary)
  A leopard gecko skeleton (D:5)
  2 orc zombies (D:7)
  4 rats
  A rat zombie (Ossuary)
  A fungus (Lair:6)
  5 plants
868 creatures vanquished.

Vanquished Creatures (collateral kills)
  2 emperor scorpions (Spider:4)
  An orb spider (Spider:4)
3 creatures vanquished.

Vanquished Creatures (others)
  2 jumping spiders
  A tarantella (Spider:1)
  A redback (Spider:3)
  An orc wizard (Vaults:1)
  5 ufetubi (IceCv)
  5 fungi
  11 plants
26 creatures vanquished.

Grand Total: 897 creatures vanquished

Notes
Turn   | Place    | Note
-------+----------+-------------------------------------------
     0 | D:1      | Flugslaktarn the Deep Dwarf Fighter began the quest for the
                  | Orb.
     0 | D:1      | Reached XP level 1. HP: 20/20 MP: 1/1
   302 | D:2      | Reached XP level 2. HP: 25/27 MP: 2/2
   441 | D:3      | Reached skill level 3 in Axes
   441 | D:3      | Reached XP level 3. HP: 30/33 MP: 3/3
   515 | D:4      | Noticed Robin
   525 | D:4      | Reached XP level 4. HP: 20/42 MP: 4/4
   527 | D:4      | Killed Robin
   561 | D:4      | Noticed a hippogriff
   567 | D:4      | Reached skill level 4 in Axes
   567 | D:4      | Reached XP level 5. HP: 34/49 MP: 5/5
   597 | D:4      | Killed a hippogriff
   597 | D:4      | Reached skill level 5 in Axes
   597 | D:4      | Reached XP level 6. HP: 45/57 MP: 5/5
   685 | D:4      | Found Goskenif's Assorted Antiques.
   780 | D:4      | Noticed Menkaure
   794 | D:4      | Killed Menkaure
   794 | D:4      | Reached XP level 7. HP: 24/64 MP: 5/5
   869 | D:4      | Reached skill level 5 in Armour
   869 | D:4      | Reached skill level 5 in Shields
  1004 | D:4      | Found a runed translucent door.
  1005 | D:4      | Noticed Crazy Yiuf
  1065 | D:4      | Found a shattered altar of Ashenzari.
  1220 | D:4      | Killed Crazy Yiuf
  1272 | D:5      | Entered Level 5 of the Dungeon
  1291 | D:5      | Reached skill level 6 in Axes
  1378 | D:5      | Found Huocasi's Assorted Antiques.
  1426 | D:5      | Noticed Grinder
  1432 | D:5      | Killed Grinder
  1638 | D:5      | Found a staircase to the Ecumenical Temple.
  1638 | D:5      | Noticed Dowan
  1639 | D:5      | Noticed Duvessa
  1645 | D:5      | Killed Dowan
  1649 | D:5      | Reached XP level 8. HP: 50/73 MP: 6/6
  1666 | D:5      | Killed Duvessa
  1666 | D:5      | Reached skill level 7 in Axes
  1666 | D:5      | Reached skill level 1 in Dodging
  1675 | Temple   | Entered the Ecumenical Temple
  1761 | Temple   | Became a worshipper of Makhleb the Destroyer
  1861 | D:5      | Found a radiant altar of Vehumet.
  1916 | D:5      | Found an ornate altar of the Wu Jian Council.
  2258 | D:6      | Reached skill level 5 in Fighting
  2302 | D:6      | Found a snail-covered altar of Cheibriados.
  2610 | D:6      | Reached skill level 8 in Axes
  2969 | D:7      | Reached * piety under Makhleb
  3000 | D:7      | Gained mutation: You passively map the area around you.
                  | [Deep Dwarf growth]
  3000 | D:7      | Reached XP level 9. HP: 39/81 MP: 7/7
  3027 | D:7      | Found an opulent altar of Gozag.
  3194 | D:7      | Found a sand-covered staircase.
  3201 | Ossuary  | Entered an ossuary
  3465 | D:7      | Reached ** piety under Makhleb
  3465 | D:7      | Reached skill level 9 in Axes
  3554 | D:7      | You fall into a shaft and drop 3 floors!
  3554 | D:10     | Entered Level 10 of the Dungeon
  3729 | D:9      | Noticed an elephant
  3730 | D:9      | Found a staircase to the Lair.
  3754 | D:9      | Reached skill level 5 in Dodging
  3755 | D:9      | Killed an elephant
  3755 | D:9      | Reached skill level 10 in Axes
  3849 | D:9      | Found a staircase to the Orcish Mines.
  3850 | D:9      | Reached XP level 10. HP: 76/92 MP: 7/7
  4185 | D:9      | Found a shadowy altar of Dithmenos.
  4194 | D:9      | Reached *** piety under Makhleb
  4555 | D:8      | Noticed Maurice
  4568 | D:8      | Killed Maurice
  4647 | D:8      | Noticed Psyche
  4659 | D:8      | Killed Psyche
  4675 | D:8      | Reached skill level 11 in Axes
  4709 | D:8      | Noticed Grum
  4749 | D:8      | Killed Grum
  4894 | D:8      | Noticed Erica
  4900 | D:8      | Noticed a sun demon
  4902 | D:8      | Reached **** piety under Makhleb
  4946 | D:8      | Reached XP level 11. HP: 100/100 MP: 8/8
  4971 | D:8      | Killed Erica
  4971 | D:8      | Reached skill level 12 in Axes
  5102 | D:8      | Got a pair of smoking boots
  5113 | D:8      | Identified the cursed +0 pair of boots "Tyuluess" {+Inv
                  | rPois Str-3 Dex+3 Slay+3} (You found it on level 8 of the
                  | Dungeon)
  5814 | D:5      | Bought a runed battleaxe for 199 gold pieces
  5901 | Lair:1   | Entered Level 1 of the Lair of Beasts
  5927 | Lair:1   | Noticed a six-headed hydra
  5939 | Lair:1   | Killed a one-headed hydra
  6228 | Lair:1   | Reached skill level 5 in Invocations
  6365 | Lair:1   | Noticed an oklob plant
  6969 | Lair:2   | Found a hole to the Spider Nest.
  7367 | Lair:3   | Reached ***** piety under Makhleb
  7367 | Lair:3   | Reached XP level 12. HP: 93/111 MP: 13/15
  7401 | Lair:3   | Reached skill level 13 in Axes
  7417 | Lair:3   | Reached skill level 10 in Armour
  7565 | Lair:3   | Noticed a six-headed hydra
  7574 | Lair:3   | Killed a two-headed hydra
  7820 | Lair:3   | Found a staircase to the Swamp.
  7897 | Lair:3   | Found a shimmering altar of Xom.
  8539 | Lair:4   | Found a dark tunnel.
  8549 | Volcano  | Entered a volcano
  8559 | Volcano  | Reached skill level 14 in Axes
  8723 | Lair:4   | Found a frozen archway.
  8735 | IceCv    | Entered an ice cave
  8816 | Lair:4   | Noticed Havah's ghost (journeyman OpVM)
  8819 | Lair:4   | Noticed a dire elephant
  8826 | Lair:4   | Found a transporter.
  9056 | Lair:4   | You fall into a shaft and drop 2 floors!
  9056 | Lair:6   | Entered Level 6 of the Lair of Beasts
  9061 | Lair:6   | Reached ****** piety under Makhleb
  9129 | Lair:6   | Noticed a death yak
  9129 | Lair:6   | Noticed a death yak
  9129 | Lair:6   | Noticed a catoblepas
  9130 | Lair:6   | Noticed a death yak
  9132 | Lair:6   | Noticed a four-headed hydra
  9169 | Lair:6   | Reached XP level 13. HP: 121/121 MP: 13/13
  9622 | Lair:6   | Reached skill level 10 in Dodging
  9823 | Lair:6   | Reached skill level 15 in Axes
 10037 | Lair:5   | Found a transporter.
 10043 | Lair:5   | Noticed inmateoo's ghost (journeyman HOGl)
 10069 | Lair:5   | Found a transporter.
 10214 | Lair:5   | Found a staircase to the Slime Pits.
 10501 | Lair:5   | Killed inmateoo's ghost
 10507 | Lair:5   | Got a vibrating garnet amulet
 10535 | Lair:5   | Identified the amulet of Side {Spirit SInv} (You found it
                  | on level 5 of the Lair of Beasts)
 10607 | Lair:4   | Found a transporter.
 10787 | Lair:4   | Gained mutation: You are resistant to hostile enchantments.
                  | (MR+) [potion of mutation]
 10787 | Lair:4   | Gained mutation: Your muscles are strong. (Str +2) [potion
                  | of mutation]
 10787 | Lair:4   | Gained mutation: You are frail. (-10% HP) [potion of
                  | mutation]
 10787 | Lair:4   | Gained mutation: You are agile. (Dex +2) [potion of
                  | mutation]
 10788 | Lair:4   | Lost mutation: Your muscles are strong. (Str +2) [potion of
                  | mutation]
 10788 | Lair:4   | Lost mutation: You are frail. (-10% HP) [potion of
                  | mutation]
 10788 | Lair:4   | Lost mutation: You are agile. (Dex +2) [potion of mutation]
 10788 | Lair:4   | Gained mutation: Your flesh is heat resistant. (rF+)
                  | [potion of mutation]
 10788 | Lair:4   | Gained mutation: Your muscles are strong. (Str +2) [potion
                  | of mutation]
 10983 | D:10     | Reached skill level 10 in Fighting
 11423 | D:11     | Reached skill level 10 in Invocations
 11423 | D:11     | Gained mutation: You resist negative energy. (rN+) [Deep
                  | Dwarf growth]
 11423 | D:11     | Reached XP level 14. HP: 132/132 MP: 15/15
 11520 | D:11     | Found a glowing golden altar of the Shining One.
 12244 | D:13     | Found Zoedgh's Magic Scroll Boutique.
 12252 | D:13     | Found Firawa's Antique Armour Boutique.
 12261 | D:13     | Bought a runed kite shield for 262 gold pieces
 12295 | D:13     | Bought a scroll of blinking for 112 gold pieces
 12295 | D:13     | Bought a scroll of enchant weapon for 112 gold pieces
 12512 | D:14     | Reached skill level 16 in Axes
 12964 | D:14     | Found a gate to the Vaults.
 13074 | D:15     | Entered Level 15 of the Dungeon
 13178 | D:15     | Found Qidevic's Jewellery Boutique.
 13182 | D:15     | Noticed Rupert
 13208 | D:15     | Killed Rupert
 13257 | D:15     | Noticed Louise
 13281 | D:15     | Killed Louise
 13290 | D:15     | Found Jouwnaur's Jewellery Boutique.
 13334 | D:15     | Found Vosin's Armour Emporium.
 13419 | D:15     | Found Golukk's General Store.
 13428 | D:15     | Found Xashovog's Jewellery Shop.
 13508 | D:15     | Found a staircase to the Depths.
 13566 | D:15     | Reached XP level 15. HP: 141/141 MP: 17/17
 13834 | Swamp:1  | Entered Level 1 of the Swamp
 13922 | Swamp:2  | Reached skill level 17 in Axes
 13992 | Swamp:3  | Found a shimmering altar of Xom.
 14045 | Swamp:4  | Entered Level 4 of the Swamp
 14370 | Swamp:4  | Reached skill level 15 in Armour
 14392 | Swamp:4  | Noticed the 27-headed Lernaean hydra
 14421 | Swamp:4  | Killed the 18-headed Lernaean hydra
 14494 | Swamp:4  | Got a decaying rune of Zot
 14739 | Spider:1 | Entered Level 1 of the Spider Nest
 14739 | Spider:1 | Noticed Nikola
 14756 | Spider:1 | Killed Nikola
 14759 | Spider:1 | Noticed Jorgrun
 14781 | Spider:1 | Killed Jorgrun
 14781 | Spider:1 | Reached skill level 18 in Axes
 14795 | Spider:1 | Noticed Asterion
 14811 | Spider:1 | Killed Asterion
 14811 | Spider:1 | Reached XP level 16. HP: 113/152 MP: 17/17
 15242 | Spider:4 | Entered Level 4 of the Spider Nest
 15707 | Spider:4 | Reached skill level 1 in Evocations
 16134 | Spider:4 | Got a gossamer rune of Zot
 16543 | Vaults:1 | Entered Level 1 of the Vaults
 16642 | Vaults:1 | Reached skill level 5 in Evocations
 16817 | Vaults:1 | Found Onwomoir's Gadget Shop.
 16907 | Vaults:1 | Noticed Saint Roka
 16957 | Vaults:1 | Killed Saint Roka
 17032 | Vaults:1 | Reached XP level 17. HP: 114/162 MP: 16/16
 17362 | Vaults:3 | Noticed Aizul
 17376 | Vaults:3 | Killed Aizul
 17448 | Vaults:5 | Entered Level 5 of the Vaults
 17471 | Vaults:4 | Reached skill level 15 in Invocations
 17510 | Vaults:5 | Slain by an orc knight

Illustrated notes

Levels and vault maps discovered:
D:1:      scummos_arrival_forest, layout_basic
D:2:      layout_basic, nicolae_overflow_crystal_walls, uniq_natasha
D:3:      layout_basic, nicolae_tso_carved_into_rock, first_ration,
          supply_closet_lemuel
D:4:      layout_cave_pools, kennysheep_mini, serial_shops,
          nicolae_shop_crystal, palyth_stone_intersect, uniq_crazy_yiuf_cottage,
          uniq_robin, uniq_menkaure
D:5:      layout_basic, old_standard_altar, marbit_many_paths, temple_fountains,
          serial_shops, shop, uniq_grinder, uniq_duvessa
D:6:      layout_loops_ring, lemuel_round_altar, minmay_misc_feat_diagonals
D:7:      layout_basic, basic_altar, nicolae_ossuary_entry_giza
D:8:      layout_rooms, special_room [special_room_kobold], david_nohive_1,
          uniq_psyche, uniq_grum, uniq_erica, uniq_maurice
D:9:      layout_cave_pods, david_lair_generic, orc_0_dummy,
          nicolae_dithmenos_through_a_glass_darkly
D:10:     layout_gridville, minivault_4
D:11:     layout_long_grid, basic_altar
D:12:     layout_irregular_city, minmay_misc_feat_four_crosses,
          minmay_stone_trees_small
D:13:     layout_cave_pods, serial_shops, shop, nicolae_shop_statue_plus,
          shop_fountains
D:14:     layout_layer_cave, grunt_vaults_entry_tiered, chequers_big_river
D:15:     grunt_enter_depths_hoard, layout_rooms, serial_bayou_pond_a,
          serial_shops, shop, shop, nicolae_shop_statue_plus,
          nicolae_shop_crystal, shop, evilmike_butchery, uniq_louise,
          uniq_rupert
Temple:   eino_temple_rhombus
Lair:1:   layout_gridlike, chequers_serial_rivers_room_a,
          minmay_lair_oklob_bushes, lemuel_another_geyser, lemuel_fruit_tree,
          infiniplex_staircase_pool
Lair:2:   layout_cellular_growth, spider_nest_entry_a
Lair:3:   beast_lair_carwin_large_4, layout_cave_pods, minmay_swamp_entry_worms,
          basic_altar, ice2_lemuel
Lair:4:   layout_loops_ring, gammafunk_ghost_arena,
          lightli_volcano_entry_magma_tube, portal_ice_cave_entry_pillars_1,
          minmay_lair_oklob_chamber
Lair:5:   layout_gridlike, slime_dummy, gammafunk_ghost_berserking_beasts
Lair:6:   grunt_lair_end_beastmaster, layout_hall_layers,
          chequers_serial_rivers_marsh, serial_bayou_shore_b
Swamp:1:  layout_falls_marsh, evilmike_swamp_ruin_rubble_1
Swamp:2:  cheibrodos_swamp_heart_of_darkness, layout_basic_swamp,
          nicolae_swamp_trees_clearing, swamp_pool5, statue_in_the_mist_lemuel
Swamp:3:  layout_falls_marsh, lemuel_altar_in_water
Swamp:4:  swamp_old_school, layout_basic_swamp
Spider:1: layout_spider_delve, uniq_nikola, uniq_asterion, uniq_jorgrun
Spider:2: layout_spider_delve
Spider:3: layout_chambers
Spider:4: grunt_spider_rune_circles, drop_trap
Vaults:1: ontoclasm_vaults_twist, nicolae_vaults_circle_grid_b,
          vaults_dpeg_ring, layout_vaults_omnigrid, serial_shops, shop,
          uniq_saint_roka
Vaults:2: minmay_crypt_entry_simple_plaza, nicolae_vaults_diagonal_hallway_7,
          ontoclasm_vaults_gateway, grunt_vaults_twisty, v_misc_12,
          vaults_dpeg_cross, nicolae_vaults_quartermaster, vaults_room_hallway,
          layout_vaults_big_room
Vaults:3: vaults_mumra_minichess, vaults_mumra_chevron_long,
          hangedman_vaults_stitches, hangedman_vaults_hat, st_lattice,
          nicolae_vaults_specimen_jars, ontoclasm_vaults_idyll, v_misc_24,
          hangedman_vaults_stretched_pinwheel, ontoclasm_vaults_spin,
          ontoclasm_vaults_decontamination, hangedman_vaults_snaps,
          vaults_mumra_hex, layout_vaults_omnicross, uniq_aizul
Vaults:4: v_misc_18, grunt_vaults_funnel, st_smaller_cells,
          hangedman_vaults_river_flow, nicolae_vaults_three_branches,
          nicolae_vaults_network_periphery, nicolae_vaults_asterisk,
          nicolae_vaults_theta, vaults_mumra_chevron, nicolae_vaults_theta,
          v_rooms_3, nicolae_vaults_little_squares_3, v_misc_24,
          layout_vaults_omnibox, serial_shops, shop
Vaults:5

Skill      XL: |  1  2  3  4  5  6  7  8  9 10 11 12 13 14 15 16 17 |
---------------+----------------------------------------------------+-----
Axes           | 3 4 5 6 8 10 11 12 14 15 16 18 | 18.0
Fighting       | 3 4 5 6 7 8 9 10 11 12 13 | 13.2
Shields        | 4 5 8 9 |  9.6
Armour         | 4 5 6 7 9 11 12 14 15 17 | 17.7
Dodging        | 3 5 7 8 9 10 11 12 | 12.8
Invocations    | 8 10 11 12 14 15 | 15.0
Evocations     | 6 |  6.0

Action                   |  1- 3 |  4- 6 |  7- 9 | 10-12 | 13-15 | 16-18 || total
-------------------------+-------+-------+-------+-------+-------+-------++-------
Melee: War axe           |    54 |    80 |    88 |       |       |       ||   222
       Hand axe          |       |       |   271 |   303 |       |       ||   574
       Battleaxe         |       |       |       |   374 |   543 |     6 ||   923
       Broad axe         |       |       |       |       |   395 |   527 ||   922
Invok: Lesser Servant of |       |       |       |       |     2 |     1 ||     3
       Greater Servant o |       |       |       |       |       |     1 ||     1
 Abil: Heal Wounds       |       |     5 |     9 |    12 |     8 |     7 ||    41
Evoke: Wand              |       |       |       |     4 |       |       ||     4
  Use: Scroll            |       |       |    13 |     5 |    13 |     2 ||    33
       Potion            |       |       |       |     4 |     5 |     8 ||    17
 Stab: Confused          |       |       |       |       |     2 |       ||     2
       Held in net/web   |       |       |       |       |       |     1 ||     1
  Eat: Chunk             |       |       |    10 |    10 |    21 |     1 ||    42
       Ration            |       |       |       |     3 |     1 |     2 ||     6
Armor: Scale mail        |    25 |    75 |    57 |       |       |       ||   157
       Chain mail        |       |       |   110 |    31 |       |       ||   141
       Plate armour      |       |       |       |   448 |   791 |   328 ||  1567
Dodge: Dodged            |    18 |    58 |   106 |   397 |   826 |   419 ||  1824
Block: Kite shield       |    26 |    83 |   176 |   173 |   218 |   368 ||  1044
       Reflection        |       |       |       |       |    12 |    20 ||    32

Table legend:
 A = Non-vault XP
 B = Vault XP
 C = Vault XP percentage of total XP
 D = Non-vault monster count
 E = Vault monster count
 F = Vault count percentage of total count
                 A         B        C        D         E       F
            +---------+---------+-------+---------+---------+-------
      Total |  132892 |  122951 |  48.1 |     573 |     294 |  33.9
            +---------+---------+-------+---------+---------+-------
        D:1 |      10 |       0 |   0.0 |       7 |       0 |   0.0
        D:2 |      22 |       0 |   0.0 |       9 |       0 |   0.0
        D:3 |      14 |       0 |   0.0 |       5 |       0 |   0.0
        D:4 |     607 |     259 |  29.9 |      24 |      13 |  35.1
        D:5 |     473 |     491 |  50.9 |      15 |       4 |  21.1
        D:6 |     661 |       0 |   0.0 |      21 |       0 |   0.0
        D:7 |    1048 |      20 |   1.9 |      24 |       3 |  11.1
        D:8 |    1009 |    5267 |  83.9 |      21 |      43 |  67.2
        D:9 |    1441 |    1070 |  42.6 |      32 |       4 |  11.1
       D:10 |    1966 |       0 |   0.0 |      10 |       0 |   0.0
       D:11 |    8018 |       0 |   0.0 |      54 |       0 |   0.0
       D:12 |    3789 |       0 |   0.0 |      31 |       0 |   0.0
       D:13 |     589 |       0 |   0.0 |       2 |       0 |   0.0
       D:14 |   11064 |    7122 |  39.2 |      32 |      25 |  43.9
       D:15 |    8312 |    6675 |  44.5 |      32 |       4 |  11.1
     Lair:1 |    7447 |       0 |   0.0 |      26 |       0 |   0.0
     Lair:2 |    2838 |       0 |   0.0 |      10 |       0 |   0.0
     Lair:3 |    4219 |    6376 |  60.2 |      17 |      35 |  67.3
     Lair:4 |    1550 |     522 |  25.2 |      17 |       2 |  10.5
     Lair:5 |    1300 |    3393 |  72.3 |       5 |       6 |  54.5
     Lair:6 |    8799 |    7652 |  46.5 |      27 |      15 |  35.7
    Swamp:1 |     790 |       0 |   0.0 |       5 |       0 |   0.0
    Swamp:2 |    3448 |     407 |  10.6 |      10 |       3 |  23.1
    Swamp:3 |    5263 |       0 |   0.0 |      12 |       0 |   0.0
    Swamp:4 |    5975 |   21081 |  77.9 |      14 |      25 |  64.1
   Spider:1 |    8651 |    8442 |  49.4 |      24 |       3 |  11.1
   Spider:2 |    1915 |       0 |   0.0 |       7 |       0 |   0.0
   Spider:3 |    4186 |       0 |   0.0 |      13 |       0 |   0.0
   Spider:4 |    6625 |   22459 |  77.2 |      12 |      39 |  76.5
   Vaults:1 |   14404 |    6723 |  31.8 |      24 |      14 |  36.8
   Vaults:2 |    8331 |    1009 |  10.8 |      13 |       3 |  18.8
   Vaults:3 |    2933 |    1581 |  35.0 |       9 |       1 |  10.0
   Vaults:4 |    3798 |   11456 |  75.1 |       6 |      12 |  66.7
   Vaults:5 |    1397 |    9316 |  87.0 |       3 |       9 |  75.0
    Ossuary |       0 |     230 | 100.0 |       0 |      16 | 100.0
      IceCv |       0 |      83 | 100.0 |       0 |      10 | 100.0
    Volcano |       0 |    1317 | 100.0 |       0 |       5 | 100.0
            +---------+---------+-------+---------+---------+-------
